 Dungeon Crawl Stone Soup version 0.30-a0-462-gd5975efbca (webtiles) character file.

Game seed: 5814484325728417481

77 cforsyth the Grasshopper (level 4, -2/39 HPs)
             Began as an Armataur Warper on Dec 17, 2022.
             Slain by an orc wizard
             ... wielding a +0 dagger
              (3 damage)
             ... on level 3 of the Dungeon.
             The game lasted 00:02:35 (1537 turns).

cforsyth the Grasshopper (Armataur Warper)          Turns: 1537, Time: 00:02:36

Health: -2/39      AC:  4    Str: 16    XL:     4   Next: 14%
Magic:  6/6        EV:  8    Int: 14    God:
Gold:   35         SH:  6    Dex: 11    Spells: 6/6 levels left

rFire   . . .      SeeInvis .    a - +0 falchion
rCold   . . .      Faith    .    h - +0 kite shield
rNeg    . . .      Spirit   .    b - +0 leather armour
rPois   .          Reflect  .    (no helmet)
rElec   .          Harm     .    (no cloak)
rCorr   .          Roll     +    (no gloves)
Will    .....                    (no barding)
Stlth   +.........               (no amulet)
HPRegen 0.26/turn                (no ring)
MPRegen 0.10/turn                (no ring)

@: no status effects
A: large, rugged brown scales 3, deformed body, armoured tail, roll, long
tongue, awkward tongue
a: no special abilities


You were on level 3 of the Dungeon.
You visited 1 branch of the dungeon, and saw 3 of its levels.

You collected 35 gold pieces.

Inventory:

Hand Weapons
 a - a +0 falchion (weapon)
Missiles
 d - 7 boomerangs of dispersal (quivered)
Armour
 b - a +0 leather armour (worn)
 h - a +0 kite shield (worn)
Scrolls
 c - 2 scrolls of blinking
 e - 2 scrolls of identify {unknown}
Potions
 f - 2 potions of invisibility
 g - a potion of flight {unknown}
 i - a potion of curing {unknown}
 j - a potion of brilliance {unknown}


   Skills:
 + Level 2.7 Fighting
 + Level 2.7 Long Blades
 - Level 0.8 Throwing
 + Level 2.8 Armour
 - Level 1.3 Dodging
 + Level 0.5 Shields
 - Level 1.7 Spellcasting
 - Level 3.0 Translocations


You had 6 spell levels left.
You didn't know any spells.
Your spell library contained the following spells:

 Spells                   Type           Power      Damage    Failure   Level
 Blink                    Tloc           18%        N/A       34%         2
 Lesser Beckoning         Tloc           18%        N/A       56%         3
 Teleport Other           Tloc           9%         N/A       56%         3
 Sublimation of Blood     Necr           1%         N/A       75%         2
 Wereblood                Tmut           1%         N/A       75%         2
 Vhi's Electric Charge    Tloc/Air       10%        N/A       77%         3
 Manifold Assault         Tloc           9%         N/A       92%         4
 Summon Hydra             Summ           0%         N/A       100%        7


Dungeon Overview and Level Annotations

Branches:
Dungeon (3/15)

Altars:

Shops:
D:1 :


Innate Abilities, Weirdness & Mutations

You are completely covered in rugged brown scales. (AC +3, +7% HP)
Armour fits poorly on your strangely shaped body.
You have a long armoured tail.
You roll when moving toward enemies. (Rampage)
Your long tongue fully drains potion bottles. (2x potion effects)
Your tongue gives you trouble enunciating. (1.5x scroll delay)


Message History

You closely miss the orc.
The orc is almost dead.
The orc wizard casts a spell at you. The magic dart hits you.
The orc hits you but does no damage.
You hit the orc wizard.
The orc wizard is lightly wounded.
The orc wizard barely misses you.
You hit the orc.
You kill the orc!
You block the orc wizard's attack.
The orc wizard hits you but does no damage.
Things that are here:
a +0 short sword; an orc corpse You hit the orc wizard.
The orc wizard is heavily wounded.
The orc wizard barely misses you.
You barely miss something.
You hear some strange, mumbled words.
A magic dart appears from out of thin air!
The magic dart hits you. You block the orc wizard's attack.
You miss something.
You hear some strange, mumbled words.
A puff of flame appears from out of thin air!
The puff of flame hits you.
* * * LOW HITPOINT WARNING * * *
The orc wizard completely misses you.
You miss something.
The orc wizard hits you with a +0 dagger.
* * * LOW HITPOINT WARNING * * *
Something hits you.
* * * LOW HITPOINT WARNING * * *
Unknown command.
Unknown command.
You hit the orc wizard.
The orc wizard is severely wounded.
The orc wizard points at you and mumbles some strange words.
The magic dart hits you.
* * * LOW HITPOINT WARNING * * *
Something hits you but does no damage. Something hits you.
You die...

.. .### #+...##
#.#≈.≈# #.#≈.≈#
#####.#≈.≈#
.......≈≈≈######
#.....@{{.....
#....#o#######
#.###.#.#...##
#............#
.######.#.#...##
.......<#.##.##
#########.####
#.# ...


You could see an orc wizard.

Vanquished Creatures
  3 adders (D:2)
  A worm (D:2)
  3 dart slugs (D:1)
  2 orcs (D:3)
  3 ball pythons
  3 bats
  5 endoplasms
  A giant cockroach (D:2)
  A goblin (D:1)
  5 hobgoblins
  5 kobolds
  2 quokkas (D:2)
  A frilled lizard (D:1)
  3 rats
38 creatures vanquished.

Notes
Turn   | Place    | Note
-------+----------+-------------------------------------------
     0 | D:1      | cforsyth the Armataur Warper began the quest for the Orb.
     0 | D:1      | Reached XP level 1. HP: 18/18 MP: 3/3
   176 | D:1      | Reached XP level 2. HP: 25/25 MP: 4/4
   435 | D:1      | Found Yclafyi's Book Boutique.
   762 | D:2      | Reached XP level 3. HP: 21/32 MP: 5/5
   833 | D:2      | HP: 1/32 [adder (2)]
  1218 | D:2      | Reached XP level 4. HP: 24/39 MP: 6/6
  1537 | D:3      | HP: 1/39 [orc wizard/magic dart (6)]
  1537 | D:3      | Slain by an orc wizard

Illustrated notes

Levels and vault maps discovered:
D:1:      amcnicky_arrival_blooded_trapdoor, layout_loops_ring, serial_shops,
          shop, minmay_strange_pillars, serial_bayou_pond_e,
          kennysheep_pointless_box
D:2:      cheibrodos_helix_gallery, layout_rooms
D:3:      layout_loops_corners, grunt_ministairs_3, hex_large,
          chequers_serial_rivers_micro_d, uniq_crazy_yiuf_cottage, uniq_ijyb

Skill      XL: |  1  2 |
---------------+-------+-----
Long Blades    | 2 |  2.7
Fighting       | 2 |  2.7
Armour         | 2 |  2.8
Throwing       | |  0.8
Dodging        | |  1.3
Shields        | |  0.5
Spellcasting   | |  1.7
Translocations | |  3.0

Action                   |  1- 3 |  4- 6 || total
-------------------------+-------+-------++-------
Melee: Falchion          |   118 |    28 ||   146
       Tailslap          |    16 |     3 ||    19
       Punch             |     2 |       ||     2
  Use: Potion            |     2 |       ||     2
 Stab: Invisible         |     1 |       ||     1
Armor: Leather armour    |    39 |    12 ||    51
Dodge: Dodged            |    57 |     9 ||    66
Block: Kite shield       |     4 |    13 ||    17

Table legend: (Time is in decaauts)
 A = Elapsed time spent in this place.
 B = Non-inter-level travel time spent in this place.
 C = Inter-level travel time spent in this place.
 D = Time resting spent in this place.
 E = Time spent auto-exploring this place.
 F = Levels seen in this place.
 G = Mean time per level.
                   A        B        C        D        E       F      G
               +--------+--------+--------+--------+--------+-----+--------+
         Total |   1549 |   1479 |     70 |      0 |   1167 |   3 |  516.3 |
       Dungeon |   1549 |   1479 |     70 |      0 |   1167 |   3 |  516.3 |
               +--------+--------+--------+--------+--------+-----+--------+

Top non-repeatable levels by time:
     D:2: 772 daAuts
     D:1: 753 daAuts
     D:3: 23 daAuts
